 Dungeon Crawl Stone Soup version 0.29-a0-483-g69413ace17 (webtiles) character file.

Game seed: 17439486700768066162

1 porpoise the Vexing (level 1, -2/15 HPs)
             Began as a Barachi Arcane Marksman on May 26, 2022.
             Frozen to death by an endoplasm (5 damage)
             ... on level 2 of the Dungeon.
             The game lasted 00:00:25 (38 turns).

porpoise the Vexing (Barachi Arcane Marksman)         Turns: 38, Time: 00:00:25

Health: -2/15      AC:  2    Str: 11    XL:     1   Next: 20%
Magic:  1/2        EV: 12    Int: 13    God:
Gold:   0          SH:  0    Dex: 12    Spells: 1/2 levels left

rFire   . . .      SeeInvis .   a - +0 shortbow
rCold   . . .      Faith    .   (shield currently unavailable)
rNeg    . . .      Spirit   .   b - +0 robe
rPois   .          Reflect  .   (no helmet)
rElec   .          Harm     .   (no cloak)
rCorr   .          Rampage  .   (no gloves)
Will    .....                   (no boots)
Stlth   +.........              (no amulet)
HPRegen 0.05/turn               (no ring)
MPRegen 0.08/turn               (no ring)

@: slow
A: amphibious, slowness 1, strong legs 1, +LOS
a: Hop


You were on level 2 of the Dungeon.
You visited 1 branch of the dungeon, and saw 2 of its levels.

Inventory:

Hand Weapons
 a - a +0 shortbow (weapon)
Armour
 b - a +0 robe (worn)
Scrolls
 c - a scroll of vulnerability


   Skills:
 + Level 1.3 Fighting
 * Level 2.1 Bows
 - Level 2.1 Dodging
 - Level 1.1 Spellcasting
 - Level 3.2 Hexes


You had one spell level left.
You knew the following spells:

 Your Spells              Type           Power      Damage    Failure   Level
a - Slow                  Hex            36%        N/A       8%          1

Your spell library contained the following spells:

 Spells                   Type           Power      Damage    Failure   Level
 Inner Flame              Hex/Fire       4%         N/A       38%         3
 Portal Projectile        Hex/Tloc       8%         N/A       38%         3
 Cause Fear               Hex            4%         N/A       58%         4


Dungeon Overview and Level Annotations

Branches:
Dungeon (1/15)

Altars:


Innate Abilities, Weirdness & Mutations

You are amphibious.
You cover ground slowly.
You can hop short distances.
You have an extended range of vision and can be seen from far away.


Message History

Found a scroll labelled LAVUYM YTAEF.
Found an escape hatch in the ceiling.
The goblin shouts!
The endoplasm quivers.
You shoot an arrow. The arrow closely misses the goblin.
A quokka comes into view.
The quokka moves out of view.
You shoot an arrow. The arrow barely misses the goblin.
A quokka comes into view.
You shoot an arrow. The arrow barely misses the goblin.
The goblin hits you with a +0 dagger.
You shoot an arrow. The arrow completely misses the goblin.
The goblin barely misses you. The goblin hits you with a +0 dagger.
You shoot an arrow. The arrow hits the goblin.
The goblin is severely wounded.
The goblin closely misses you. The endoplasm barely misses you.
The endoplasm attacks as you move away! The endoplasm closely misses you.
You shoot an arrow. The arrow hits the goblin!
You kill the goblin!
A bat comes into view.
The endoplasm freezes you.
You are frozen.
The bat closely misses you. The endoplasm closely misses you.
You shoot an arrow. The arrow misses the quokka.
The bat hits you but does no damage. x2
The quokka twitches its whiskers.
The quokka closely misses you. The endoplasm hits you. The quokka bites you.
* * * LOW HITPOINT WARNING * * *
You are too injured to fight recklessly!
You are too injured to fight recklessly!
Unknown command.
You are too injured to fight recklessly!
Unknown command.
Aiming: Slow (safe; 8% risk of failure)
Press: ? - help, Q - select action, (/) - cycle Shift-Dir - straight line, f - endoplasm, p - quokka
Aim: an endoplasm (chance to affect: 64%)
The endoplasm seems to slow down.
The bat hits you but does no damage. x2; The quokka bites you.
* * * LOW HITPOINT WARNING * * *
The endoplasm freezes you.
You are frozen.
You die...

...###.......##..
...............≈
.............≈
<...........≈
#........(#
#........# #...#
..# #rJ#....#
#@b.....#
#..#.#..# #......
# ##.#.....
...##.## .#.# .#
... # ## #


You could see an endoplasm (slow), a quokka and a bat.

Vanquished Creatures
  A goblin (D:2)
1 creature vanquished.

Notes
Turn   | Place    | Note
-------+----------+-------------------------------------------
     0 | D:1      | porpoise the Barachi Arcane Marksman began the quest for
                  | the Orb.
     0 | D:1      | Reached XP level 1. HP: 15/15 MP: 2/2
    26 | D:1      | You fall into a shaft and drop 1 floor!
    38 | D:2      | Frozen to death by an endoplasm

Illustrated notes

Levels and vault maps discovered:
D:1:      psy_arrival_fountain, layout_basic, ebering_ecumenical_altar_abandoned
D:2:      layout_loops_cross, basic_altar, st_stairs_3,
          chequers_serial_rivers_micro_e

Action                   || total
-------------------------++-------
 Fire: Shortbow          ||     7
 Cast: Slow              ||     1
Armor: Robe              ||     4
Dodge: Dodged            ||     7

Table legend: (Time is in decaauts)
 A = Elapsed time spent in this place.
 B = Non-inter-level travel time spent in this place.
 C = Inter-level travel time spent in this place.
 D = Time resting spent in this place.
 E = Time spent auto-exploring this place.
 F = Levels seen in this place.
 G = Mean time per level.
                   A        B        C        D        E       F      G
               +--------+--------+--------+--------+--------+-----+--------+
         Total |     46 |     46 |      0 |      0 |     32 |   2 |   23.0 |
       Dungeon |     46 |     46 |      0 |      0 |     32 |   2 |   23.0 |
               +--------+--------+--------+--------+--------+-----+--------+

Top non-repeatable levels by time:
     D:1: 31 daAuts
     D:2: 15 daAuts
